 Dungeon Crawl Stone Soup version 0.30.0-3-ga4e48a9924 (webtiles) character file.

Game seed: 12003801993696341337

823 Daunt the Slasher (level 7, -3/60 HPs)
             Began as a Demigod Gladiator on May 8, 2023.
             Killed from afar by an orc wizard (11 damage)
             ... with a magic dart
             ... on level 5 of the Dungeon.
             The game lasted 00:09:49 (4666 turns).

Daunt the Slasher (Demigod Gladiator)               Turns: 4666, Time: 00:09:50

Health: -3/60      AC:  6    Str: 15    XL:     7   Next: 37%
Magic:  9/9        EV: 13    Int: 10    God:
Gold:   149        SH:  0    Dex: 23    Spells: 6/6 levels left

rFire   . . .        a - +0 long sword
rCold   + + .        (no shield)
rNeg    . . .        y - +0 leather armour
rPois   .            c - +0 helmet
rElec   .            (no cloak)
rCorr   .            q - +0 pair of gloves
SInv    .            l - +0 pair of boots
Will    .....        (no amulet)
Stlth   ++           r - ring of protection from cold
HPRegen 0.30/turn    v - ring of protection from cold
MPRegen 0.11/turn

%: no passive effects
@: no status effects
A: high MP 1, forlorn, divine attributes
a: no special abilities


You were on level 5 of the Dungeon.
You visited 1 branch of the dungeon, and saw 5 of its levels.

You collected 265 gold pieces.
You spent 116 gold pieces at shops.

Inventory:

Hand Weapons
 a - a +0 long sword (weapon)
 b - a +0 sling
Missiles
 d - 5 throwing nets
 e - a javelin
 i - 49 stones (quivered)
 n - 3 atropa-tipped darts
 t - 5 poisoned darts
Armour
 c - a +0 helmet (worn)
 l - a +0 pair of boots (worn)
 q - a +0 pair of gloves (worn)
 y - a +0 leather armour (worn)
Jewellery
 r - a ring of protection from cold (left hand)
 v - a ring of protection from cold (right hand)
 x - a ring of positive energy
Wands
 s - a wand of flame (17)
Scrolls
 g - a scroll of vulnerability {unknown}
 h - 2 scrolls of teleportation
 j - a scroll of poison {unknown}
 m - 2 scrolls of enchant weapon {unknown}
 p - 2 scrolls of magic mapping {unknown}
 u - 5 scrolls of identify {unknown}
 w - a scroll of enchant armour {unknown}
 A - a scroll of fear {unknown}
 C - a scroll of silence {unknown}
 E - a scroll of torment {unknown}
Potions
 f - 2 potions of lignification {unknown}
 k - 2 potions of curing {unknown}
 o - 2 potions of heal wounds {unknown}
 z - 2 potions of invisibility {unknown}
 B - 2 potions of brilliance {unknown}
 D - a potion of attraction {unknown}
 F - a potion of resistance {unknown}


   Skills:
 + Level 4.8 Fighting
 * Level 7.0 Long Blades
 - Level 1.7 Throwing
 - Level 2.6 Dodging


You had 6 spell levels left.
You didn't know any spells.
Your spell library contained the following spells:

 Spells                   Type           Power      Damage    Failure   Level
 Slow                     Hex            0%         N/A       43%         1
 Call Canine Familiar     Summ           0%         N/A       80%         3
 Confusing Touch          Hex            0%         N/A       80%         3
 Portal Projectile        Hex/Tloc       0%         N/A       80%         3
 Vampiric Draining        Necr           0%         2d6       80%         3
 Leda's Liquefaction      Hex/Erth       0%         N/A       99%         4


Dungeon Overview and Level Annotations

Branches:
Dungeon (5/15)
 Temple: D:4-7

Shops:
D:2 *

Annotations:
D:3 3 runed translucent doors, suduhmizer's ghost, weakling OgAE
D:5 exclusion: water moccasin


Innate Abilities, Weirdness & Mutations

You have an increased reservoir of magic. (+10% MP)
You shall have no god before yourself.
Your divine heritage dramatically boosts your attributes as you level up.


Message History

There is a stone staircase leading down, spattered with blood here.
Things that are here:
a +0 short sword; a +0 leather armour; a +0 hand axe You hit the orc warrior but do no damage.
The orc warrior closely misses you.
You closely miss the orc warrior.
The orc warrior hits you with a +0 halberd!
You hit the orc warrior.
The orc warrior is moderately wounded.
The orc warrior hits you with a +0 halberd!
You barely miss the orc warrior.
The orc warrior is moderately wounded.
The orc warrior hits you with a +0 halberd!
You are too injured to fight recklessly!
Unknown command.
Unknown command.
Unknown command.
Throw: 4 darts (atropa)
Press: ? - help, Shift-Dir - straight line, f - orc warrior
Aim: an orc warrior, wielding a +0 halberd and wearing a +0 chain mail (moderately wounded, 62% to hit, chance to blind on hit: 61%)
You throw an atropa-tipped dart.
The atropa-tipped dart hits the orc warrior.
The orc warrior appears confused.
The orc warrior is moderately wounded.
The orc warrior seems less confused.
The orc warrior hits you with a +0 halberd!!
* * * LOW HITPOINT WARNING * * *
Unknown command.
Unknown command.
A magic dart appears from out of thin air!
The magic dart hits you.
* * * LOW HITPOINT WARNING * * *
There is a strange disturbance nearby!
There is a strange disturbance nearby!
A magic dart appears from out of thin air!
The magic dart hits you.
* * * LOW HITPOINT WARNING * * *
A magic dart appears from out of thin air!
The magic dart hits you!
You die...

### ## #.. .# #.# #.# #.# ##.###
#.# #..... ######.########..#
#............./..######
#.####..@.....{.......#
##.####.########o.####.
######...........# #^.####.###
#..........#.###.## #.o{o.o....
##.####..##.#.##.).###..####....
.........##.#...........# .
#######.###.#.##>..###........
#.........#.###.## #########..
#.###.###...# #.# #..


You could see an orc.

Vanquished Creatures
  An ice beast (D:5)
  A black bear (D:5)
  An ogre (D:5)
  2 scorpions (D:5)
  A gnoll bouda (D:5)
  2 hounds (D:4)
  A jelly (D:4)
  3 iguanas
  An orc wizard (D:4)
  5 gnolls (D:5)
  7 adders
  3 worms (D:2)
  3 dart slugs
  10 orcs
  4 ball pythons
  7 endoplasms
  2 giant cockroaches
  7 hobgoblins
  13 jackals
  3 quokkas
  4 bats
  8 frilled lizards
  2 goblins
  7 kobolds
  7 rats
105 creatures vanquished.

Vanquished Creatures (others)
  2 fungi (D:3)
  4 plants
6 creatures vanquished.

Grand Total: 111 creatures vanquished

Notes
Turn   | Place    | Note
-------+----------+-------------------------------------------
     0 | D:1      | Daunt the Demigod Gladiator began the quest for the Orb.
     0 | D:1      | Reached XP level 1. HP: 17/17 MP: 3/3
   143 | D:1      | Reached skill level 3 in Long Blades
   182 | D:1      | Reached XP level 2. HP: 13/24 MP: 4/4
   950 | D:2      | Found Zoqurchuo's Assorted Antiques.
   979 | D:2      | Reached XP level 3. HP: 25/30 MP: 5/5
  1319 | D:2      | Reached skill level 4 in Long Blades
  1423 | D:2      | Reached XP level 4. HP: 36/37 MP: 6/6
  2087 | D:3      | Found a runed translucent gate.
  2087 | D:3      | Found a runed translucent gate.
  2087 | D:3      | Found a runed translucent gate.
  2087 | D:3      | Noticed suduhmizer's ghost (weakling OgAE)
  2088 | D:3      | Noticed a kobold brigand
  2852 | D:4      | Reached XP level 5. HP: 40/45 MP: 7/7
  2954 | D:2      | Bought a lumpy blue potion for 22 gold pieces
  2954 | D:2      | Bought a scroll labelled DELEFEFENE for 25 gold pieces
  2954 | D:2      | Bought a viscous ruby potion for 22 gold pieces
  2954 | D:2      | Bought a scroll labelled XACYIG YSCHED for 25 gold pieces
  2954 | D:2      | Bought a lumpy blue potion for 22 gold pieces
  3030 | D:4      | Reached skill level 5 in Long Blades
  3844 | D:5      | Entered Level 5 of the Dungeon
  3865 | D:5      | Noticed a water moccasin
  3925 | D:5      | Reached XP level 6. HP: 52/52 MP: 8/8
  4181 | D:5      | Reached skill level 6 in Long Blades
  4331 | D:5      | Reached XP level 7. HP: 60/60 MP: 9/9
  4593 | D:5      | Reached skill level 7 in Long Blades
  4666 | D:5      | Killed from afar by an orc wizard

Illustrated notes

Levels and vault maps discovered:
D:1:      evilmike_arrival_hilbert_curve, layout_loops_ring, minmay_lizard_king
D:2:      layout_loops_ring, serial_shops, nicolae_shop_statue_plus,
          serial_rivers, chequers_serial_rivers_micro_c,
          chequers_serial_rivers_small_3, chequers_serial_rivers_micro_b,
          chequers_serial_rivers_micro_d, chequers_serial_rivers_large_a,
          hangedman_abyss_or_decor_lesser_grid
D:3:      layout_loops_ring, gammafunk_ghost_nasty_kobolds
D:4:      layout_basic, lemuel_crystal_altar
D:5:      layout_loops_ring, kennysheep_mini, minmay_temple_entry_nine_rooms

Skill      XL: |  1  2  3  4  5  6  7 |
---------------+----------------------+-----
Fighting       | 2 3 4 |  4.8
Long Blades    | 3 4 5 6 7 |  7.0
Throwing       | |  1.7
Dodging        | |  2.6

Action                     |  1- 3 |  4- 6 |  7- 9 || total
---------------------------+-------+-------+-------++-------
  Melee: Long sword        |   102 |   224 |    31 ||   357
         Punch             |     1 |     6 |       ||     7
  Throw: Dart              |     6 |       |     1 ||     7
         Throwing net      |     1 |       |       ||     1
         Stone             |       |     4 |       ||     4
    Use: Scroll            |       |     1 |       ||     1
   Stab: Sleeping          |     2 |     4 |       ||     6
         Held in net/web   |     1 |       |       ||     1
 Armour: Leather armour    |    30 |    88 |     3 ||   121
  Dodge: Dodged            |    52 |   140 |    18 ||   210
